 Dungeon Crawl Stone Soup version 0.28.0-53-g5a82cb258f (webtiles) character file.

Game seed: 18106648436225366444

8911 jiml777 the Geomancer (level 11, -7/82 HPs)
             Began as a Gargoyle Earth Elementalist on June 3, 2022.
             Was a High Priest of Cheibriados.
             Mangled by an orc warrior
             ... wielding a +0 battleaxe
             ... led by an orc high priest
              (16 damage)
             ... on level 1 of the Orcish Mines.
             The game lasted 01:49:47 (10434 turns).

jiml777 the Geomancer (GrEE)                       Turns: 10434, Time: 01:49:49

Health: -7/82      AC: 15    Str: 32    XL:     11   Next: 38%
Magic:  14/24      EV: 13    Int: 32    God:    Cheibriados [*****.]
Gold:   638        SH:  0    Dex: 21    Spells: 12/29 levels left

rFire   + . .      SeeInvis .   Q - +8 trident of Evil {freeze, Str+4}
rCold   . . .      Faith    .   (no shield)
rNeg    + . .      Spirit   .   N - +2 leather armour {rF+}
rPois   ∞          Reflect  .   C - +0 helmet
rElec   +          Harm     .   (no cloak)
rCorr   .          Rampage  .   p - +0 pair of gloves
Will    .....                   (no boots)
Stlth   ..........              D - amulet of magic regeneration
HPRegen 0.23/turn               m - ring of wizardry
MPRegen 0.59/turn               s - +6 ring of strength

@: berserking, very slow
A: sickness immunity, AC +8, negative energy resistance 1, electricity
resistance, torment resistance 1, petrification resistance
a: Renounce Religion, Bend Time, Temporal Distortion, Slouch, Step From Time


You were on level 1 of the Orcish Mines.
You worshipped Cheibriados.
Cheibriados was extremely pleased with you.
You visited 3 branches of the dungeon, and saw 12 of its levels.

You collected 657 gold pieces.
You spent 19 gold pieces at shops.

Inventory:

Hand Weapons
 w - a +0 short sword of holy wrath
 z - a +2 scimitar of electrocution
 H - a +2 war axe of freezing
 Q - the +8 trident of Evil (weapon) {freeze, Str+4}
   (You took it off an orc on level 8 of the Dungeon)

   It freezes those it strikes, dealing additional cold damage.
   It can also slow down cold-blooded creatures.
   Str:       It affects your strength (+4).
Missiles
 c - 219 stones
 h - 2 throwing nets
Armour
 p - a +0 pair of gloves (worn)
 C - a +0 helmet (worn)
 N - a +2 leather armour of fire resistance (worn)
 U - a +0 buckler
 V - +0 steam dragon scales
Magical Staves
 j - a staff of death
 q - a staff of fire
Jewellery
 m - a ring of wizardry (left hand)
 s - a +6 ring of strength (right hand)
 D - an amulet of magic regeneration (around neck)
Wands
 J - a wand of acid (4)
 M - a wand of polymorph (13)
Scrolls
 a - a scroll of magic mapping {unknown}
 d - a scroll of blinking {unknown}
 g - a scroll of acquirement {unknown}
 r - a scroll of immolation
 t - 2 scrolls of fear
 v - 3 scrolls of teleportation
 y - a scroll of summoning {unknown}
 A - 3 scrolls of fog
 F - a scroll of amnesia
 K - a scroll of brand weapon
 R - a scroll of enchant weapon
Potions
 e - a potion of cancellation
 i - 3 potions of mutation
 l - 4 potions of ambrosia
 o - a potion of might
 B - 2 potions of attraction
 I - a potion of flight


   Skills:
 + Level 0.7 Fighting
 + Level 1.7(1.8) Polearms
 + Level 0.4(1.2) Staves
 + Level 2.8 Armour
 + Level 3.3 Dodging
 + Level 4.2 Stealth
 + Level 2.0 Unarmed Combat
 + Level 9.7 Spellcasting
 + Level 5.9 Conjurations
 * Level 5.2 Transmutations
 + Level 11.6 Earth Magic
 + Level 0.1 Invocations


You had 12 spell levels left.
You knew the following spells:

 Your Spells              Type           Power      Damage    Failure   Level
a - Sandblast             Erth           100%       2d20      1%          1
b - Stone Arrow           Conj/Erth      100%       3d13      1%          3
c - Passwall              Tmut/Erth      51%        N/A       1%          2
d - Petrify               Tmut/Erth      62%        N/A       1%          4
e - Corpse Rot            Necr/Air       30%        N/A       2%          2
f - Irradiate             Conj/Tmut      25%        3d22      4%          5

Your spell library contained the following spells:

 Spells                   Type           Power      Damage    Failure   Level
 Blade Hands              Tmut           24%        N/A       4%          5
 Dispel Undead            Necr           15%        3d10      14%         4
 Dragon Form              Tmut           24%        N/A       77%         7
 Death Channel            Necr           7%         N/A       88%         6


Dungeon Overview and Level Annotations

Branches:
Dungeon (9/15)             Temple (1/1) D:5             Orc (2/2) D:9
   Lair: D:8-11         Elf: Orc:2

Altars:
Ashenzari
Cheibriados
Dithmenos
Elyvilon
Fedhas
Gozag
Hepliaklqana
Kikubaaqudgha
Makhleb
Nemelex Xobeh
Okawaru
Qazlal
Ru
Sif Muna
Trog
Uskayaw
Vehumet
Wu Jian
Xom
Yredelemnul
Zin
The Shining One

Shops:
D:7 *

Annotations:
D:9 1 runed translucent door, WaxSun's ghost, journeyman FoCK


Innate Abilities, Weirdness & Mutations

You are immune to sickness and miasma.
Your stone body is resilient. (AC +8)
You are immune to poison.
You resist negative energy. (rN+)
You are resistant to electric shocks. (rElec)
You are resistant to unholy torment.
You are immune to petrification.


Message History

Press: ? - help, Shift-Dir - straight line, f/p - ogre
Aim: an ogre, wielding a +0 giant club (severely wounded, 89% to hit)
The stone arrow hits the ogre!!
You kill the ogre!
Cheibriados thoroughly appreciates the change of pace.
The ogre closely misses you. The orc closely misses you.
The orc warrior misses you.
Casting: Stone Arrow (safe; 1% risk of failure)
Confirm with . or Enter, or press ? or * to list all spells.
Aiming: Stone Arrow (safe; 1% risk of failure)
Press: ? - help, Shift-Dir - straight line, f - orc warrior
Aim: an orc warrior, wielding a +0 battleaxe and wearing a +0 chain mail (75% to hit)
The stone arrow misses the orc warrior.
The orc warrior hits you with a +0 battleaxe.
The orc barely misses you. The ogre barely misses you.
Casting: Stone Arrow (safe; 1% risk of failure)
Confirm with . or Enter, or press ? or * to list all spells.
Aiming: Stone Arrow (safe; 1% risk of failure)
Press: ? - help, Shift-Dir - straight line, f/p - orc warrior
Aim: an orc warrior, wielding a +0 battleaxe and wearing a +0 chain mail (75% to hit)
The stone arrow misses the orc warrior.
The orc completely misses you.
The orc warrior hits you with a +0 battleaxe!
The ogre hits you with a +0 giant club!!
* * * LOW HITPOINT WARNING * * *
A red film seems to cover your vision as you go berserk!
Cheibriados forces you to slow down.
You feel mighty! The orc closely misses you.
The orc warrior hits you but does no damage.
The ogre closely misses you.
You barely miss the orc warrior. The orc warrior misses you.
The orc hits you with a +0 flail.
* * * LOW HITPOINT WARNING * * *
You hit the orc warrior. You freeze the orc warrior.
The orc warrior is lightly wounded.
The orc warrior hits you with a +0 battleaxe.
* * * LOW HITPOINT WARNING * * *
The orc closely misses you. The ogre closely misses you.
The orc closely misses you.
The orc warrior hits you with a +0 battleaxe!
You die...

##..#.............##......##
##...#........##.#...#......#
##............#.##...........#
#................#............
##.......#.....................
#.......##.....................
##...####...........#.#........
#...##.#.....ooO[....[.#.....##
##............@<..............#
#......#.....))...............
#.........................#..#
#.....................##...###
#.....#.#.................##
##.........................#
#.>........................##
#......#..........>.........#
#......#####.............##.##


You could see an orc warrior, an ogre and an orc.

Vanquished Creatures
  Harold (D:8)
  A boulder beetle (D:8)
  Pikel (D:6)
  An orc sorcerer (D:9)
  An ugly thing (D:8)
  Maggie (D:9)
  A shadow (D:9)
  3 wyverns
  7 yaks (D:9)
  Grum (D:8)
  A steam dragon (D:9)
  Edmund (D:5)
  2 wargs (D:9)
  Duvessa (D:5)
  4 water moccasins
  A swamp drake (D:9)
  5 orc warriors
  A sky beast (D:7)
  3 necrophages (D:6)
  An ice beast (D:8)
  3 wolves (D:8)
  2 centaurs
  3 ogres
  A lemure (D:6)
  A kobold brigand (D:8)
  A gnoll sergeant (D:7)
  A bullfrog (D:6)
  2 scorpions
  Dowan (D:5)
  5 howler monkeys (D:9)
  5 wights (D:8)
  A centaur zombie (D:5)
  2 hounds
  A jelly (D:5)
  A bullfrog skeleton (D:5)
  8 orc priests
  Terence (D:2)
  An iguana (D:7)
  11 orc wizards
  A scorpion zombie (D:5)
  A howler monkey zombie (D:9)
  8 gnolls
  6 adders
  A shadow imp (D:6)
  An ufetubus (D:5)
  2 worms
  4 dart slugs
  48 orcs
  5 endoplasms
  A giant cockroach (D:1)
  6 goblins
  9 hobgoblins
  4 jackals (D:4)
  27 kobolds
  4 quokkas
  7 ball pythons
  3 bats
  5 frilled lizards (D:1)
  3 rats
235 creatures vanquished.

Vanquished Creatures (others)
  15 plants (D:8)
15 creatures vanquished.

Grand Total: 250 creatures vanquished

Notes
Turn   | Place    | Note
-------+----------+-------------------------------------------
     0 | D:1      | jiml777 the Gargoyle Earth Elementalist began the quest for
                  | the Orb.
     0 | D:1      | Reached XP level 1. HP: 10/10 MP: 3/3
   200 | D:1      | Reached XP level 2. HP: 15/15 MP: 3/5
   285 | D:1      | Reached skill level 4 in Earth Magic
   723 | D:1      | Reached XP level 3. HP: 19/19 MP: 4/6
   729 | D:1      | Found a faded altar of an unknown god.
  1013 | D:2      | Learned a level 3 spell: Stone Arrow
  1163 | D:2      | Noticed Terence
  1165 | D:2      | Killed Terence
  1423 | D:2      | Reached XP level 4. HP: 24/24 MP: 4/8
  1596 | D:2      | You fall into a shaft and drop 2 floors!
  1961 | D:3      | Reached skill level 5 in Earth Magic
  2219 | D:3      | Reached XP level 5. HP: 28/28 MP: 6/10
  2688 | D:3      | Learned a level 2 spell: Passwall
  2735 | D:3      | Noticed a water moccasin
  2742 | D:3      | Killed a water moccasin
  2743 | D:3      | Reached XP level 6. HP: 32/32 MP: 4/12
  3015 | D:3      | Reached skill level 6 in Earth Magic
  3969 | D:4      | Found a sacrificial altar of Ru.
  4453 | D:5      | Entered Level 5 of the Dungeon
  4494 | D:5      | Reached XP level 7. HP: 36/36 MP: 10/14
  4526 | D:5      | Found a staircase to the Ecumenical Temple.
  4554 | Temple   | Entered the Ecumenical Temple
  4825 | Temple   | Became a worshipper of Cheibriados the Contemplative
  4872 | D:5      | Noticed Dowan
  4872 | D:5      | Noticed Duvessa
  4885 | D:5      | Killed Duvessa
  4886 | D:5      | Reached skill level 5 in Spellcasting
  4886 | D:5      | Reached skill level 1 in Conjurations
  4890 | D:5      | Killed Dowan
  5141 | D:5      | Noticed Edmund
  5147 | D:5      | Killed Edmund
  5148 | D:5      | Reached skill level 7 in Earth Magic
  5561 | D:5      | Reached XP level 8. HP: 42/42 MP: 12/16
  5612 | D:6      | Noticed Pikel
  5765 | D:6      | Killed Pikel
  5766 | D:6      | Reached skill level 1 in Unarmed Combat
  5766 | D:6      | Reached skill level 8 in Earth Magic
  5837 | D:6      | Reached XP level 9. HP: 46/46 MP: 13/19
  5849 | D:6      | Reached * piety under Cheibriados
  5881 | D:6      | Learned a level 4 spell: Petrify
  5884 | D:6      | Learned a level 2 spell: Corpse Rot
  6113 | D:7      | Reached skill level 9 in Earth Magic
  6128 | D:7      | Reached skill level 1 in Transmutations
  6251 | D:7      | Reached ** piety under Cheibriados
  6582 | D:7      | Found Nirehaar's Assorted Antiques.
  6587 | D:7      | Bought a blue potion for 19 gold pieces
  6859 | D:8      | Noticed Grum
  6861 | D:8      | Noticed Harold
  6868 | D:8      | Killed Grum
  6869 | D:8      | Reached skill level 1 in Armour
  6870 | D:8      | Noticed a boulder beetle
  6875 | D:8      | Killed Harold
  6876 | D:8      | Reached skill level 10 in Earth Magic
  6876 | D:8      | Reached XP level 10. HP: 41/51 MP: 1/22
  7222 | D:8      | Killed a boulder beetle
  7429 | D:8      | Identified the +8 trident of Evil {freeze, Str+4}
  7433 | D:8      | Noticed a white ugly thing
  7473 | D:8      | Killed a white ugly thing
  7474 | D:8      | Reached skill level 5 in Conjurations
  7541 | D:8      | Reached *** piety under Cheibriados
  8292 | D:9      | Noticed Maggie
  8297 | D:9      | Killed Maggie
  8499 | D:9      | Reached skill level 11 in Earth Magic
  8610 | D:9      | Reached XP level 11. HP: 55/55 MP: 20/24
  8731 | D:9      | Found a runed translucent door.
  8734 | D:9      | Noticed WaxSun's ghost (journeyman FoCK)
  8808 | D:9      | Reached **** piety under Cheibriados
  9183 | D:9      | Found a staircase to the Orcish Mines.
  9209 | D:9      | Reached skill level 5 in Transmutations
  9493 | Orc:1    | Entered Level 1 of the Orcish Mines
  9493 | Orc:1    | Noticed an orc sorcerer
  9757 | Orc:1    | Reached ***** piety under Cheibriados
  9765 | D:9      | Killed an orc sorcerer
  9766 | D:9      | Reached skill level 1 in Polearms
  9975 | D:9      | Learned a level 5 spell: Irradiate
 10123 | Orc:2    | Entered Level 2 of the Orcish Mines
 10123 | Orc:2    | Noticed an orc high priest
 10123 | Orc:2    | Noticed an orc sorcerer
 10123 | Orc:2    | Noticed an orc sorcerer
 10434 | Orc:1    | Mangled by an orc warrior

Illustrated notes

Levels and vault maps discovered:
D:1:      roderic_crop_circles_arrival_small, layout_rooms,
          shapermc_ecumenical_altar_mp_vishouse, minmay_lizard_pond
D:2:      layout_basic, kennysheep_cross_bottleneck, uniq_terence
D:3:      layout_loops_corners, corexii_hall_statues_l, kennysheep_donut,
          kennysheep_generic_room_6
D:4:      layout_cave_pools, nicolae_ru_great_annihilating_truth,
          serial_park_tiny_pond, minivault_1
D:5:      layout_basic, temple_pool_b, minivault_23, solitary_fountain,
          uniq_edmund, uniq_duvessa
D:6:      layout_rooms, uniq_pikel
D:7:      layout_rooms, serial_shops, kennysheep_little_box
D:8:      kennysheep_kobold_camp, layout_basic, uniq_harold, uniq_grum
D:9:      layout_stronghold, erik_orc_1, ebering_ghost_reflecting_pool,
          uniq_maggie
Temple:   nicolae_temple_the_god_donut
Orc:1:    layout_caves, basic_altar
Orc:2:    st_orc_ogre_mass, layout_caves, uniq_azrael

Skill      XL: |  1  2  3  4  5  6  7  8  9 10 11 |
---------------+----------------------------------+-----
Earth Magic    | 4 5 6 7 8 10 11 | 11.6
Spellcasting   | 3 4 5 7 8 9 |  9.7
Conjurations   | 2 3 4 5 |  5.9
Stealth        | 3 4 |  4.2
Dodging        | 2 3 |  3.3
Unarmed Combat | 1 2 |  2.0
Transmutations | 2 4 5 |  5.2
Armour         | 1 2 |  2.8
Polearms       | 1 |  1.7
Fighting       | |  0.7
Staves         | |  0.4
Invocations    | |  0.1

Action                   |  1- 3 |  4- 6 |  7- 9 | 10-12 || total
-------------------------+-------+-------+-------+-------++-------
Melee: Short sword       |     4 |       |       |       ||     4
       Staff             |       |    14 |     8 |       ||    22
       Unarmed           |       |       |    16 |       ||    16
       Trident           |       |       |       |    61 ||    61
       Scimitar          |       |       |       |     2 ||     2
       Punch             |       |       |       |     1 ||     1
 Cast: Sandblast         |    32 |    67 |    51 |    33 ||   183
       Stone Arrow       |     5 |    15 |    65 |   107 ||   192
Invok: Bend Time         |       |       |       |     1 ||     1
Evoke: Wand              |       |       |       |     1 ||     1
  Use: Scroll            |       |     9 |     5 |     6 ||    20
       Potion            |       |       |     5 |     2 ||     7
 Stab: Confused          |       |       |     1 |       ||     1
Armor: Robe              |     6 |     7 |     6 |       ||    19
       Skin              |       |       |     9 |       ||     9
       Leather armour    |       |       |    11 |    59 ||    70
Dodge: Dodged            |     3 |    17 |    48 |    99 ||   167
